 Dungeon Crawl Stone Soup version 0.29-a0-474-gdfe5cd140f (webtiles) character file.

Game seed: 6427655526316865769

378 siradein the Skirmisher (level 6, -14/49 HPs)
             Began as a Demonspawn Fighter on May 24, 2022.
             Demolished by a two-headed ogre
             ... wielding a +0 giant club
              (15 damage)
             ... on level 4 of the Dungeon.
             The game lasted 00:10:33 (3847 turns).

siradein the Skirmisher (Demonspawn Fighter)        Turns: 3847, Time: 00:10:34

Health: -14/49     AC:  9    Str: 17    XL:     6   Next: 45%
Magic:  6/6        EV:  9    Int: 11    God:
Gold:   198        SH:  5    Dex: 12    Spells: 5/5 levels left

rFire   . . .      SeeInvis .   a - +0 long sword
rCold   . . .      Faith    .   c - +0 buckler
rNeg    + . .      Spirit   .   b - +0 scale mail
rPois   .          Reflect  .   (no helmet)
rElec   .          Harm     .   m - +0 cloak
rCorr   .          Rampage  .   t - +0 pair of gloves
Will    .....                   (no boots)
Stlth   ..........              (no amulet)
HPRegen 0.16/turn               w - ring of positive energy
MPRegen 0.10/turn               (no ring)

@: no status effects
A: demonic guardian 3
a: no special abilities


You were on level 4 of the Dungeon.
You visited 1 branch of the dungeon, and saw 4 of its levels.

You collected 198 gold pieces.

Inventory:

Hand Weapons
 a - a +0 long sword (weapon)
Missiles
 u - 3 poisoned darts (quivered)
Armour
 b - a +0 scale mail (worn)
 c - a +0 buckler (worn)
 m - a +0 cloak (worn)
 t - a +0 pair of gloves (worn)
Jewellery
 k - a ring of ice
 w - a ring of positive energy (left hand)
Wands
 o - a wand of polymorph (7)
Scrolls
 f - 3 scrolls of teleportation {unknown}
 i - 2 scrolls of noise {unknown}
 j - a scroll of enchant armour {unknown}
 n - a scroll of magic mapping {unknown}
 p - 2 scrolls of fog {unknown}
 y - a scroll of enchant weapon {unknown}
Potions
 d - 3 potions of might
 e - 2 potions of resistance {unknown}
 g - 4 potions of curing {unknown}
 h - 2 potions of berserk rage {unknown}
 l - 2 potions of mutation {unknown}
 q - 2 potions of heal wounds {unknown}
 r - 3 potions of lignification {unknown}
 s - 3 potions of invisibility {unknown}
 v - a potion of ambrosia {unknown}
 x - 2 potions of brilliance {unknown}
 z - a potion of haste {unknown}


   Skills:
 + Level 4.4 Fighting
 + Level 3.4 Long Blades
 + Level 4.0 Armour
 + Level 4.1 Shields


You had 5 spell levels left.
You didn't know any spells.
Your spell library contained the following spells:

 Spells                   Type           Power      Damage    Failure   Level
 Freeze                   Ice            0%         1d3       83%         1
 Frozen Ramparts          Ice            0%         1d2       99%         3
 Hailstorm                Conj/Ice       0%         3d3       100%        4


Dungeon Overview and Level Annotations

Branches:
Dungeon (4/15)             Temple (0/1) D:4

Altars:

Shops:
D:2 =

Annotations:
D:2 1 runed translucent door, Crazy Yiuf


Innate Abilities, Weirdness & Mutations

A powerful demonic guardian rushes to your aid.


Message History

A hound is nearby!
You hit the hound but do no damage. You block the hound's attack.
The hound bites you but does no damage.
You completely miss the hound. The hound closely misses you.
The hound bites you.
You closely miss the hound. The hound closely misses you. The hound bites you.
You closely miss the hound. The hound bites you.
You slash the hound!
The hound is severely wounded.
The hound closely misses you. The hound barely misses you.
You slash the hound!
You kill the hound!
Your Armour skill increases to level 4!
No target in view!
No target in view!
You see here a +0 war axe.
There is an open door here.
Found a staircase to the Ecumenical Temple.
q - 2 bubbling pink potions (gained 1)
A ball python comes into view.
The ball python hisses angrily.
A ball python is nearby!
A ball python is nearby!
A ball python is nearby!
A two-headed ogre comes into view.
It is wielding a +0 giant club and a +0 giant spiked club.
The two-headed ogre shouts in stereo!
You hit the ball python.
The ball python is severely wounded.
You block the ball python's attack. The ball python barely misses you.
You slash the ball python!
You kill the ball python!
The two-headed ogre attacks as you move away!
The two-headed ogre hits you with a +0 giant club!!
The two-headed ogre hits you with a +0 giant spiked club!!
* * * LOW HITPOINT WARNING * * *
Okay, then.
Okay, then.
The two-headed ogre attacks as you move away!
The two-headed ogre hits you with a +0 giant club!
You die...

#.......##..#≈≈#≈
###............≈≈≈≈
#.............≈≈≈≈≈
#.######.###.≈≈≈≈≈≈
#.#####......≈≈≈≈.≈
#.PPP....###..≈≈⌠..
#..P.....# ##≈≈#..[
##..>P...# #≈≈≈≈≈≈
#@PPP...# ##≈≈≈≈≈
#O.PP...# #.≈≈≈#
##..###..# #.#≈≈≈≈
#........# #.##≈≈≈
#........# #. ##.≈
#........# #. #.#.
#........####......
#................#.
#.......†#######.#.


You could see a two-headed ogre.

Vanquished Creatures
  A scorpion (D:4)
  A hound (D:4)
  An adder (D:2)
  2 worms
  8 dart slugs
  5 ball pythons
  6 endoplasms
  2 giant cockroaches
  5 goblins
  7 hobgoblins
  3 jackals (D:3)
  5 kobolds
  4 quokkas
  A bat (D:1)
  A frilled lizard (D:1)
  7 rats
59 creatures vanquished.

Vanquished Creatures (collateral kills)
  Sigmund (D:3)
  Jessica (D:2)
  4 dart slugs (D:4)
  An orc (D:3)
  A ball python (D:3)
8 creatures vanquished.

Grand Total: 67 creatures vanquished

Notes
Turn   | Place    | Note
-------+----------+-------------------------------------------
     0 | D:1      | siradein the Demonspawn Fighter began the quest for the
                  | Orb.
     0 | D:1      | Reached XP level 1. HP: 18/18 MP: 1/1
   355 | D:1      | Gained mutation: A weak demonic guardian rushes to your
                  | aid. [demonic ancestry]
   355 | D:1      | Reached XP level 2. HP: 24/24 MP: 2/2
   541 | D:1      | Found a faded altar of an unknown god.
   546 | D:1      | Got Plato's Compendium of the Frostbite
   849 | D:1      | Gained mutation: A demonic guardian rushes to your aid.
                  | [demonic ancestry]
   849 | D:1      | Reached XP level 3. HP: 28/29 MP: 3/3
  1372 | D:2      | Found Baut's One-of-a-Kind Rings.
  1597 | D:2      | Found a runed translucent door.
  1598 | D:2      | Noticed Crazy Yiuf
  1761 | D:2      | Noticed Jessica
  1772 | D:2      | Killed Jessica
  1773 | D:2      | Gained mutation: A powerful demonic guardian rushes to your
                  | aid. [demonic ancestry]
  1773 | D:2      | Reached XP level 4. HP: 17/36 MP: 4/4
  2306 | D:3      | Noticed Sigmund
  2318 | D:3      | Killed Sigmund
  2319 | D:3      | Reached XP level 5. HP: 33/42 MP: 5/5
  3031 | D:4      | Reached XP level 6. HP: 48/48 MP: 6/6
  3820 | D:4      | Found a staircase to the Ecumenical Temple.
  3835 | D:4      | Noticed a two-headed ogre
  3845 | D:4      | HP: 1/49 [two-headed ogre/+0 giant club (24)]
  3847 | D:4      | Demolished by a two-headed ogre

Illustrated notes

Levels and vault maps discovered:
D:1:      dpeg_cavernosity, layout_basic, shapermc_ecumenical_altar_rom_forum
D:2:      layout_basic, nicolae_shop_unique_rings, minmay_liquid_box,
          minmay_diced_spiral, uniq_crazy_yiuf_cottage, uniq_jessica
D:3:      layout_basic, serial_bayou_pond_d, minmay_fractal_squares_gapless_5,
          uniq_sigmund
D:4:      kennysheep_slugbush, layout_basic, minmay_temple_entry_overgrown

Skill      XL: |  1  2  3  4  5  6 |
---------------+-------------------+-----
Long Blades    | 2 3 |  3.4
Shields        | 3 4 |  4.1
Armour         | 3 4 |  4.0
Fighting       | 4 |  4.4

Action                   |  1- 3 |  4- 6 || total
-------------------------+-------+-------++-------
Melee: Long sword        |   104 |    80 ||   184
Armor: Scale mail        |    51 |    33 ||    84
Dodge: Dodged            |    30 |    31 ||    61
Block: Buckler           |    16 |    12 ||    28

Table legend: (Time is in decaauts)
 A = Elapsed time spent in this place.
 B = Non-inter-level travel time spent in this place.
 C = Inter-level travel time spent in this place.
 D = Time resting spent in this place.
 E = Time spent auto-exploring this place.
 F = Levels seen in this place.
 G = Mean time per level.
                   A        B        C        D        E       F      G
               +--------+--------+--------+--------+--------+-----+--------+
         Total |   3911 |   3777 |    134 |      2 |   3188 |   4 |  977.8 |
       Dungeon |   3911 |   3777 |    134 |      2 |   3188 |   4 |  977.8 |
               +--------+--------+--------+--------+--------+-----+--------+

Top non-repeatable levels by time:
     D:1: 1197 daAuts
     D:3: 990 daAuts
     D:2: 881 daAuts
     D:4: 841 daAuts
